Map: Lost and Found LE

Players

SpeCial - Winner!

  • Race: Terran Terran
  • Spawn Location: 1:00

ShoWTimE

  • Race: Protoss Protoss
  • Spawn Location: 7:00

Event: WCS Montreal 2018

VOD

Have the link to the VOD?

Description

Time

  • Played on: Sept. 7, 2018, 6:17 p.m.
  • Length: 12:59

All games in this series

Show
View Real Time Build Order
Export as new Build Order

SpeCial Terran - Winner!

Build Orders: Reaper Expand, MMM Bio 

Get SALT Encoding   

  12  0:01  SCV  
  13  0:14  SCV  
  13  0:20  Supply Depot  
  14  0:26  SCV  
  15  0:42  SCV  
  16  0:43  Barracks  
  16  0:47  Refinery  
  16  0:54  SCV  
  17  1:06  SCV  
  18  1:18  SCV  
  19  1:31  Reaper, Orbital Command  
  20  1:45  Command Center  
  20  1:53  Supply Depot  
  20  1:58  SCV  
  21  2:04  Marine  
  22  2:10  SCV  
  22  2:13  Factory  
  23  2:18  Refinery  
  23  2:22  SCV  
  24  2:27  Barracks Reactor  
  24  2:34  SCV  
  25  2:46  SCV  
  26  2:58  SCV, Widow Mine  
  27  2:59  Orbital Command  
  27  3:02  Starport  
  27  3:03  Marine  
  27  3:04  Marine  
  30  3:11  SCV  
  31  3:18  Barracks  
  31  3:21  Marine x2  
  31  3:22  Cyclone  
  31  3:25  SCV  
  37  3:29  SCV  
  38  3:41  SCV x2  
  38  3:42  Marine x2  
  38  3:43  Starport Tech Lab  
  38  3:46  Supply Depot  
  42  3:53  SCV  
  42  3:54  SCV  
  44  3:58  Widow Mine  
  46  4:03  Cloaking Field  
  46  4:07  Banshee, SCV, Barracks Tech Lab, Marine x2  
  52  4:10  SCV  
  52  4:12  Supply Depot  
  53  4:20  SCV  
  54  4:28  Stimpack  
  54  4:33  SCV x2, Marine x3, Supply Depot  
  54  4:35  Supply Depot  
  59  4:45  SCV x2  
  59  4:47  Barracks  
  59  4:48  Factory Reactor  
  59  4:51  Marine  
  62  4:55  Marine  
  62  4:56  Banshee  
  62  4:57  SCV x2  
  60  5:10  SCV x2  
  62  5:16  Supply Depot  
  62  5:17  Marine x2  
  62  5:18  Marine  
  62  5:20  Engineering Bay  
  65  5:22  SCV x2  
  67  5:32  Supply Depot  
  67  5:34  SCV x2, Marine x2  
  71  5:35  Factory Reactor  
  71  5:46  SCV x2  
  71  5:47  Refinery, Marine  
  71  5:52  Terran Infantry Weapons Level 1, Marine x2  
  71  5:54  Supply Depot  
  73  5:57  Medivac  
  73  5:58  SCV x2, Supply Depot  
  73  5:59  Medivac  
  73  6:00  Marine  
  79  6:05  Marine  
  79  6:06  Refinery  
  79  6:10  SCV x2, Marine x2  
  84  6:21  Marauder  
  84  6:23  Marauder  
  88  6:28  Marine x2  
  88  6:31  Combat Shields, Supply Depot  
  88  6:32  Supply Depot  
  90  6:33  Widow Mine  
  90  6:35  Command Center  
  90  6:36  Widow Mine  
  94  6:42  Medivac, Marauder  
  94  6:46  Marine x2  
  100  6:50  Medivac  
  100  6:53  Supply Depot  
  102  6:55  Supply Depot  
  102  6:58  Marauder  
  104  7:03  Marine  
  104  7:04  Marauder, Marine  
  108  7:13  Medivac, Barracks  
  108  7:14  Barracks  
  109  7:17  Widow Mine  
  109  7:20  Marauder  
  109  7:21  SCV x2, Marine  
  107  7:23  Medivac  
  103  7:30  Marauder  
  103  7:34  SCV x2  
  103  7:36  Widow Mine  
  109  7:42  Marine  
  109  7:43  Marauder  
  114  7:46  SCV  
  114  7:47  Terran Infantry Armor Level 1  
  114  7:48  Orbital Command  
  115  7:52  Marine  
  115  7:53  Marauder  
  115  7:54  SCV  
  115  7:58  SCV  
  120  8:03  Barracks Tech Lab  
  120  8:04  Marauder  
  120  8:07  SCV  
  120  8:09  Marine  
  120  8:10  SCV, Marine  
  122  8:16  SCV  
  122  8:18  Marine  
  122  8:19  SCV, Marine  
  123  8:21  Marine  
  123  8:22  SCV  
  123  8:26  Marauder  
  121  8:27  Marine  
  121  8:28  SCV, Marine  
  121  8:30  Marauder  
  121  8:31  SCV  
  120  8:34  SCV  
  120  8:39  Marauder  
  120  8:40  SCV  
  117  8:41  Marine x2  
  117  8:44  SCV  
  117  8:45  Factory Tech Lab, Marine  
  117  8:46  SCV, Refinery  
  117  8:47  Marauder, Refinery  
  117  8:48  Marine  
  124  8:51  Marauder  
  124  8:59  Marine x2  
  124  9:00  Marine  
  124  9:02  Factory, Supply Depot  
  125  9:06  Marine x2  
  125  9:08  Marauder  
  123  9:13  Marauder  
  123  9:17  Marine x2  
  122  9:19  Marauder  
  122  9:22  Siege Tank  
  122  9:24  Marine x2  
  126  9:25  SCV x2  
  126  9:30  Marauder  
  129  9:34  Marauder, Marine  
  129  9:35  Marine  
  129  9:40  Marauder  
  129  9:41  Medivac x2, Marine  
  128  9:47  Factory Tech Lab  
  128  9:51  Marauder  
  128  9:54  Liberator x2  
  128  9:55  Marauder  
  128  9:57  Marine  
  128  9:58  Marine x2  
  128  9:59  Marine  
  132  10:01  Marauder, Command Center, Siege Tank  
  132  10:06  Engineering Bay, Armory  
  132  10:07  Sensor Tower  
  137  10:13  Marauder, Siege Tank  
  148  10:17  Marauder  
  150  10:23  Supply Depot x2  
  150  10:24  Marine x4  
  150  10:26  Marauder  
  156  10:32  Supply Depot x2  
  156  10:33  SCV x2  
  156  10:34  Marauder, SCV  
  161  10:38  Marine  
  161  10:39  Siege Tank  
  161  10:42  Marine  
  165  10:44  Marine x2  
  165  10:45  Siege Tank, Marine  
  165  10:47  Marauder  
  165  10:49  SCV x2  
  175  10:55  Marauder  
  177  10:57  Barracks x2  
  177  10:58  Marauder, Barracks  
  177  11:00  Medivac, Marine  
  177  11:02  Medivac, Marine x2  
  177  11:03  Marine  
  187  11:08  Marine  
  187  11:11  Siege Tank  
  190  11:16  Marine  
  190  11:17  Marine  
  190  11:18  Siege Tank  
  195  11:19  Marauder  
  195  11:20  Marine  
  196  11:26  Marauder, Marine  
  199  11:45  Barracks Reactor, Barracks Tech Lab  
  199  11:46  Concussive Shells  
  181  11:47  Marine  
  181  11:48  Marauder x2, Marine x2  
  181  11:51  Marine  
  181  11:52  Marauder, Marine  
  192  11:55  Siege Tank x2  
  192  12:00  Starport  
  192  12:01  Fusion Core  
  193  12:05  Marine  
  193  12:06  Marauder, Marine x2  
  197  12:09  Marauder, Marine, Planetary Fortress  
  197  12:14  Refinery  
  200  12:17  Refinery  
  200  12:35  Marauder, Marine x2  
  162  12:38  Marine x2  
  162  12:40  Marine  
Show
View Real Time Build Order
Export as new Build Order

ShoWTimE Protoss 

Build Orders: 1 Gate Expand, Oracle Opening 

Get SALT Encoding   

  12  0:00  Probe  
  13  0:12  Probe  
  14  0:16  Pylon  
  14  0:24  Probe  
  15  0:32  Probe  
  15  0:36  Gateway  
  15  0:40  Probe  
  16  0:45  Assimilator  
  17  0:51  Probe  
  18  1:03  Probe  
  19  1:15  Probe  
  20  1:23  Nexus  
  20  1:33  Cybernetics Core  
  20  1:36  Probe  
  21  1:42  Assimilator  
  21  1:48  Probe  
  21  1:52  Pylon  
  22  2:00  Probe  
  23  2:01  Adept  
  23  2:12  Probe  
  26  2:16  Stargate  
  26  2:20  Adept  
  26  2:22  Warp Gate  
  26  2:25  Probe  
  29  2:31  Probe  
  31  2:37  Probe  
  31  2:40  Probe  
  32  2:44  Adept  
  32  2:49  Probe  
  32  2:50  Probe, Oracle  
  36  3:01  Probe  
  36  3:02  Probe  
  41  3:07  Pylon  
  41  3:13  Probe  
  41  3:15  Probe  
  41  3:19  Oracle  
  43  3:26  Gateway  
  43  3:29  Gateway  
  43  3:32  Probe  
  43  3:33  Probe  
  48  3:37  Pylon  
  48  3:44  Probe  
  48  3:45  Probe  
  50  3:52  Oracle  
  50  3:56  Probe  
  50  3:57  Pylon, Probe  
  55  4:08  Nexus  
  55  4:12  Probe x2  
  57  4:23  Adept x3  
  63  4:25  Probe x2  
  63  4:28  Pylon  
  65  4:31  Assimilator  
  65  4:34  Assimilator  
  65  4:37  Probe x2  
  67  4:43  Twilight Council  
  67  4:48  Pylon  
  67  4:49  Probe x2, Blink  
  64  5:01  Probe x2  
  64  5:08  Stalker x3  
  64  5:13  Probe  
  71  5:16  Gateway  
  71  5:19  Gateway, Probe x2  
  73  5:25  Gateway  
  73  5:28  Phoenix  
  75  5:34  Probe  
  75  5:35  Probe  
  76  5:37  Stalker  
  76  5:41  Probe  
  78  5:45  Shield Battery  
  77  5:51  Shield Battery  
  77  5:52  Probe  
  78  5:57  Probe  
  78  5:58  Shield Battery  
  78  5:59  Probe  
  78  6:01  Stalker x2  
  78  6:02  Stalker  
  86  6:06  Probe  
  86  6:09  Probe  
  89  6:11  Probe  
  89  6:12  Robotics Facility  
  89  6:18  Probe  
  88  6:21  Probe  
  88  6:25  Probe, Forge x2  
  88  6:30  Probe  
  90  6:33  Sentry x2, Probe  
  90  6:36  Sentry  
  90  6:37  Pylon  
  90  6:39  Probe  
  98  6:43  Pylon, Charge, Probe  
  98  6:45  Assimilator  
  99  6:48  Stalker  
  99  6:51  Immortal  
  101  6:54  Pylon  
  101  6:57  Shield Battery  
  101  6:58  Pylon  
  105  7:05  Zealot x3  
  109  7:10  Zealot x2  
  109  7:13  Protoss Ground Weapons Level 1  
  108  7:17  Stalker  
  108  7:18  Probe  
  105  7:23  Protoss Ground Armor Level 1  
  105  7:24  Probe  
  105  7:28  Probe  
  105  7:29  Stalker x3  
  111  7:31  Probe  
  112  7:39  Robotics Bay  
  112  7:40  Assimilator  
  112  7:45  Observer  
  112  7:49  Photon Cannon  
  112  7:50  Shield Battery, Photon Cannon  
  112  7:51  Robotics Facility  
  112  7:52  Pylon  
  113  8:03  Photon Cannon  
  113  8:06  Pylon  
  113  8:10  Stalker x4  
  118  8:16  Stalker x2  
  118  8:18  Disruptor  
  79  8:34  Stalker x4  
  75  8:43  Stalker  
  75  8:44  Stalker  
  78  8:58  Pylon  
  78  8:59  Stalker x3  
  84  9:03  Protoss Ground Weapons Level 2  
  84  9:06  Stalker, Disruptor  
  84  9:07  Stalker  
  86  9:19  Stalker  
  88  9:27  Protoss Ground Armor Level 2  
  88  9:28  Stalker x3  
  86  9:34  Disruptor  
  86  9:40  Stalker x2  
  93  9:50  Probe x3  
  96  10:01  Dark Shrine  
  96  10:02  Pylon, Probe  
  96  10:06  Sentry  
  96  10:07  Zealot x2  
  103  10:08  Disruptor  
  106  10:25  Zealot  
  106  10:26  Zealot x2  
  106  10:27  Zealot  
  114  10:28  Zealot  
  114  10:32  Disruptor, Zealot  
  114  10:34  Pylon  
  118  10:41  Pylon  
  121  10:52  Nexus  
  121  10:53  Nexus  
  121  10:55  Pylon  
  119  11:04  Zealot x6  
  119  11:05  Disruptor  
  134  11:13  Probe  
  134  11:14  Probe x2  
  137  11:26  Probe  
  137  11:28  Robotics Facility  
  137  11:32  Stalker x3  
  131  11:45  Zealot x3  
  126  11:56  Stalker x3  
  123  12:09  Dark Templar x3  
  129  12:23  Zealot x3  
  100  12:45  Zealot  
  100  12:46  Zealot x5  
  107  12:55  Nexus  
Tags
 
Add a new tag
Caveats
  • Supply blocks, unpowered buildings, or Contaminate may cause inaccurate times.
  • Supply counts are checked every 10 seconds.